[ AOE2 MATCH · #506376438 ]
UnrankedGoths vs Malians
Player's team · WIN
Rival team · LOSS
[ REPLAY ANALYSIS · EXTRACTED FROM THE RECORDED GAME ]
Feudal
13:32
Castle
19:11
Imperial
34:09
| APM avg | 51.8 |
| APM peak | 87 |
| eAPM avg | 28.4 |
| Villagers / military | 182 / 546 |
Focus
⚔️ 39.7% · 🌾 60.3%
Spearman ×406 · Militia ×67 · Cavalry Archer ×43 · Bombard Cannon ×8 · Battering Ram ×6 · Trebuchet (Packed) ×6
Feudal
11:25
Castle
19:08
Imperial
32:59
| APM avg | 68.5 |
| APM peak | 144 |
| eAPM avg | 38.7 |
| Villagers / military | 199 / 446 |
Focus
⚔️ 65.4% · 🌾 34.6%
Scout Cavalry ×188 · Skirmisher ×121 · Gbeto ×112 · Trebuchet (Packed) ×9 · Archer ×4 · Scorpion ×4
Match map
Initial resources + every placement click. Lines = walls · curves = elevation contours. ◆ gold · ⬟ stone · ● berries · ✦ relic · ◌ wall gap
Your base· ✓ Closed at 19:11 · 13t walls · no gate
alesh's base· ✓ Closed at 19:08 · 52t walls · no gate
Smoothed initial terrain · ◌ = detected wall gap · hover for details
Inputs per minute
— Leonidas - - alesh
Build order — Leonidas
First 150 of 670 actions detected
| 0:00 | Queue | Villager (Male) |
| 0:02 | Build | House |
| 0:02 | Build | House |
| 0:03 | Queue | Villager (Male) |
| 0:04 | Queue | Villager (Male) |
| 0:04 | Queue | Villager (Male) |
| 1:30 | Queue | Villager (Male) |
| 1:52 | Build | Lumber Camp |
| 1:54 | Queue | Villager (Male) |
| 2:07 | Queue | Villager (Male) |
| 2:41 | Queue | Villager (Male) |
| 2:59 | Queue | Villager (Male) |
| 3:44 | Queue | Villager (Male) |
| 3:49 | Build | House |
| 3:51 | Queue | Villager (Male) |
| 4:30 | Queue | Villager (Male) |
| 4:33 | Build | House |
| 4:38 | Research | Loom |
| 4:47 | Queue | Villager (Male) |
| 5:08 | Queue | Villager (Male) |
| 5:10 | Build | Barracks |
| 5:27 | Queue | Villager (Male) |
| 5:57 | Build | House |
| 6:01 | Queue | Villager (Male) |
| 6:09 | Queue | Militia |
| 6:20 | Build | Palisade Wall |
| 6:30 | Queue | Militia |
| 6:41 | Queue | Villager (Male) |
| 6:52 | Queue | Villager (Male) |
| 7:13 | Queue | Villager (Male) |
| 7:23 | Queue | Militia |
| 7:23 | Queue | Militia |
| 7:30 | Build | Mining Camp |
| 7:32 | Queue | Villager (Male) |
| 7:53 | Build | Mill |
| 7:55 | Queue | Villager (Male) |
| 8:22 | Queue | Villager (Male) |
| 8:41 | Build | Farm |
| 8:48 | Queue | Villager (Male) |
| 9:13 | Queue | Villager (Male) |
| 9:16 | Build | Farm |
| 9:18 | Build | House |
| 9:44 | Build | Farm |
| 10:01 | Queue | Villager (Male) |
| 10:08 | Build | Farm |
| 10:20 | Queue | Villager (Male) |
| 10:23 | Build | House |
| 10:24 | Build | Palisade Wall |
| 10:31 | Build | Farm |
| 10:43 | Queue | Villager (Male) |
| 11:10 | Build | House |
| 11:22 | Research | Feudal Age |
| 11:33 | Build | Farm |
| 11:34 | Build | Farm |
| 11:35 | Build | Farm |
| 11:43 | Build | Palisade Wall |
| 11:48 | Queue | Militia |
| 12:03 | Queue | Militia |
| 12:33 | Queue | Militia |
| 13:06 | Queue | Villager (Male) |
| 13:32 | Age | Feudal Age |
| 13:35 | Research | Man-at-Arms (upgrade) |
| 13:41 | Research | Double-Bit Axe |
| 13:42 | Research | Horse Collar |
| 13:43 | Queue | Villager (Male) |
| 14:02 | Build | Farm |
| 14:03 | Queue | Villager (Male) |
| 14:13 | Build | Farm |
| 14:14 | Build | Farm |
| 14:14 | Build | Farm |
| 14:16 | Build | Farm |
| 14:50 | Queue | Villager (Male) |
| 14:58 | Build | Farm |
| 15:05 | Queue | Villager (Male) |
| 15:06 | Build | Archery Range |
| 15:26 | Queue | Villager (Male) |
| 15:58 | Build | Archery Range |
| 16:02 | Build | Blacksmith |
| 16:06 | Queue | Villager (Male) |
| 16:31 | Research | Castle Age |
| 16:32 | Research | Castle Age |
| 16:34 | Build | Archery Range |
| 17:04 | Research | Fletching |
| 17:12 | Research | Padded Archer Armor |
| 17:16 | Build | House |
| 17:16 | Build | House |
| 17:51 | Build | Lumber Camp |
| 17:52 | Build | Lumber Camp |
| 18:04 | Build | House |
| 18:05 | Build | House |
| 18:44 | Queue | Villager (Male) |
| 19:11 | Age | Castle Age |
| 19:13 | Queue | Cavalry Archer |
| 19:13 | Queue | Cavalry Archer |
| 19:14 | Research | Bodkin Arrow |
| 19:15 | Queue | Villager (Male) |
| 19:16 | Research | Bow Saw |
| 19:26 | Research | Leather Archer Armor |
| 19:27 | Queue | Cavalry Archer |
| 19:27 | Queue | Cavalry Archer |
| 19:28 | Queue | Villager (Male) |
| 19:39 | Build | House |
| 19:40 | Build | House |
| 19:42 | Build | House |
| 19:51 | Queue | Cavalry Archer |
| 19:51 | Queue | Cavalry Archer |
| 19:52 | Queue | Villager (Male) |
| 20:16 | Queue | Villager (Male) |
| 20:24 | Queue | Villager (Male) |
| 20:47 | Queue | Villager (Male) |
| 20:50 | Build | Siege Workshop |
| 20:51 | Queue | Villager (Male) |
| 20:52 | Queue | Cavalry Archer |
| 20:52 | Queue | Cavalry Archer |
| 21:02 | Research | Wheelbarrow |
| 21:13 | Queue | Monk |
| 21:31 | Research | Heavy Plow |
| 21:44 | Queue | Villager (Male) |
| 21:45 | Queue | Cavalry Archer |
| 21:45 | Queue | Cavalry Archer |
| 22:01 | Build | Siege Workshop |
| 22:09 | Build | Town Center |
| 22:11 | Queue | Villager (Male) |
| 22:21 | Queue | Cavalry Archer |
| 22:22 | Queue | Cavalry Archer |
| 22:22 | Queue | Cavalry Archer |
| 22:25 | Queue | Villager (Male) |
| 22:43 | Queue | Villager (Male) |
| 22:52 | Research | Hand Cart |
| 22:53 | Queue | Villager (Male) |
| 23:06 | Build | House |
| 23:09 | Research | Town Watch |
| 23:10 | Queue | Villager (Male) |
| 23:20 | Queue | Mangonel |
| 23:22 | Queue | Villager (Male) |
| 23:37 | Build | Outpost |
| 23:46 | Queue | Villager (Male) |
| 23:56 | Queue | Villager (Male) |
| 23:58 | Queue | Cavalry Archer |
| 23:58 | Queue | Cavalry Archer |
| 24:06 | Queue | Villager (Male) |
| 24:09 | Queue | Villager (Male) |
| 24:15 | Queue | Mangonel |
| 24:17 | Build | Outpost |
| 24:18 | Queue | Villager (Male) |
| 24:31 | Build | Mining Camp |
| 24:34 | Queue | Villager (Male) |
| 24:37 | Queue | Mangonel |
| 24:45 | Build | Outpost |
| 24:55 | Queue | Villager (Male) |
Build order — alesh
First 150 of 749 actions detected
| 0:00 | Queue | Villager (Male) |
| 0:00 | Queue | Villager (Male) |
| 0:01 | Queue | Villager (Male) |
| 0:01 | Queue | Villager (Male) |
| 0:02 | Build | House |
| 0:04 | Build | House |
| 1:25 | Queue | Villager (Male) |
| 2:01 | Queue | Villager (Male) |
| 2:13 | Queue | Villager (Male) |
| 2:25 | Build | Lumber Camp |
| 3:00 | Queue | Villager (Male) |
| 3:00 | Queue | Villager (Male) |
| 3:03 | Queue | Villager (Male) |
| 3:35 | Queue | Villager (Male) |
| 3:40 | Queue | Villager (Male) |
| 3:53 | Queue | Villager (Male) |
| 4:04 | Build | House |
| 4:07 | Build | House |
| 4:08 | Build | House |
| 4:13 | Queue | Villager (Male) |
| 4:33 | Build | Mill |
| 4:52 | Queue | Villager (Male) |
| 4:52 | Queue | Villager (Male) |
| 5:10 | Queue | Villager (Male) |
| 5:29 | Queue | Villager (Male) |
| 6:03 | Research | Loom |
| 6:03 | Queue | Villager (Male) |
| 6:07 | Queue | Villager (Male) |
| 6:08 | Research | Loom |
| 6:24 | Build | Palisade Wall |
| 6:28 | Queue | Villager (Male) |
| 7:01 | Build | Mill |
| 7:21 | Build | Palisade Wall |
| 7:30 | Queue | Villager (Male) |
| 7:39 | Queue | Villager (Male) |
| 8:09 | Queue | Villager (Male) |
| 8:30 | Queue | Villager (Male) |
| 8:33 | Build | Mining Camp |
| 9:05 | Research | Feudal Age |
| 9:13 | Build | Palisade Wall |
| 9:33 | Build | Barracks |
| 9:48 | Build | House |
| 9:49 | Build | Palisade Wall |
| 9:54 | Build | Palisade Wall |
| 10:10 | Queue | Villager (Male) |
| 10:11 | Queue | Villager (Male) |
| 10:22 | Build | Palisade Wall |
| 10:24 | Build | Palisade Wall |
| 10:37 | Build | Palisade Wall |
| 10:39 | Build | Palisade Wall |
| 10:43 | Build | Palisade Wall |
| 10:46 | Build | Palisade Wall |
| 10:48 | Build | Palisade Wall |
| 11:01 | Build | Palisade Wall |
| 11:03 | Build | Palisade Wall |
| 11:04 | Build | Palisade Wall |
| 11:07 | Build | Palisade Wall |
| 11:09 | Build | Palisade Wall |
| 11:25 | Age | Feudal Age |
| 11:28 | Build | Archery Range |
| 11:47 | Build | Palisade Wall |
| 12:02 | Build | House |
| 12:03 | Build | Palisade Wall |
| 12:06 | Queue | Archer |
| 12:09 | Build | Farm |
| 12:11 | Build | Farm |
| 12:18 | Queue | Villager (Male) |
| 12:32 | Build | Farm |
| 12:33 | Build | Farm |
| 12:44 | Queue | Villager (Male) |
| 12:53 | Build | Palisade Wall |
| 12:54 | Build | Palisade Wall |
| 13:01 | Build | House |
| 13:07 | Queue | Villager (Male) |
| 13:09 | Build | Farm |
| 13:28 | Build | Farm |
| 13:29 | Queue | Villager (Male) |
| 13:32 | Research | Double-Bit Axe |
| 13:39 | Build | Palisade Wall |
| 14:00 | Queue | Villager (Male) |
| 14:13 | Build | Market |
| 14:35 | Queue | Archer |
| 14:36 | Queue | Archer |
| 14:47 | Queue | Villager (Male) |
| 14:58 | Build | Farm |
| 15:08 | Build | Blacksmith |
| 15:10 | Queue | Archer |
| 15:12 | Queue | Villager (Male) |
| 15:21 | Queue | Villager (Male) |
| 15:23 | Build | Farm |
| 15:35 | Build | House |
| 15:52 | Research | Fletching |
| 15:55 | Queue | Villager (Male) |
| 16:05 | Build | Mining Camp |
| 16:15 | Queue | Villager (Male) |
| 16:19 | Build | Farm |
| 16:28 | Research | Castle Age |
| 16:37 | Build | House |
| 17:07 | Queue | Villager (Male) |
| 17:26 | Build | House |
| 17:26 | Build | House |
| 17:27 | Build | House |
| 17:35 | Research | Horse Collar |
| 17:36 | Research | Gold Mining |
| 18:34 | Queue | Villager (Male) |
| 19:08 | Age | Castle Age |
| 19:12 | Build | Town Center |
| 19:16 | Queue | Monk |
| 19:34 | Build | Town Center |
| 19:39 | Queue | Villager (Male) |
| 19:39 | Research | Bow Saw |
| 20:20 | Build | Farm |
| 20:21 | Build | Farm |
| 20:22 | Queue | Villager (Male) |
| 20:22 | Queue | Villager (Male) |
| 20:23 | Queue | Villager (Male) |
| 20:40 | Build | Farm |
| 20:42 | Queue | Monk |
| 20:52 | Build | Siege Workshop |
| 20:54 | Queue | Villager (Male) |
| 20:55 | Queue | Villager (Male) |
| 20:59 | Build | Lumber Camp |
| 21:01 | Queue | Villager (Male) |
| 21:01 | Queue | Villager (Male) |
| 21:08 | Queue | Villager (Male) |
| 21:08 | Queue | Villager (Male) |
| 21:08 | Queue | Villager (Male) |
| 21:29 | Queue | Monk |
| 21:43 | Queue | Scorpion |
| 21:43 | Queue | Scorpion |
| 21:45 | Queue | Villager (Male) |
| 21:45 | Queue | Villager (Male) |
| 21:45 | Queue | Villager (Male) |
| 21:46 | Queue | Villager (Male) |
| 22:04 | Build | Stone Wall |
| 22:09 | Queue | Villager (Male) |
| 22:14 | Build | Stone Wall |
| 22:18 | Build | Farm |
| 22:20 | Build | Farm |
| 22:25 | Build | Farm |
| 22:26 | Queue | Villager (Male) |
| 22:29 | Queue | Scorpion |
| 22:36 | Queue | Villager (Male) |
| 22:50 | Build | Farm |
| 22:51 | Build | Farm |
| 22:55 | Queue | Villager (Male) |
| 23:00 | Build | Lumber Camp |
| 23:07 | Build | Farm |
| 23:13 | Build | Farm |
| 23:15 | Build | Farm |
Match timeline
| 5:10 | Leonidas · first_building Barracks |
| 6:20 | Leonidas · wall_segment Palisade Wall x7 |
| 6:24 | alesh · wall_segment Palisade Wall x5 |
| 7:21 | alesh · wall_segment Palisade Wall x6 |
| 9:13 | alesh · wall_segment Palisade Wall x11 |
| 9:33 | alesh · first_building Barracks |
| 9:49 | alesh · wall_segment Palisade Wall x2 |
| 9:54 | alesh · wall_segment Palisade Wall x1 |
| 10:22 | alesh · wall_segment Palisade Wall x3 |
| 10:24 | Leonidas · wall_segment Palisade Wall x5 |
| 10:24 | alesh · wall_segment Palisade Wall x4 |
| 10:37 | alesh · wall_segment Palisade Wall x1 |
| 10:39 | alesh · wall_segment Palisade Wall x1 |
| 10:43 | alesh · wall_segment Palisade Wall x1 |
| 10:46 | alesh · wall_segment Palisade Wall x1 |
| 10:48 | alesh · wall_segment Palisade Wall x1 |
| 11:01 | alesh · wall_segment Palisade Wall x1 |
| 11:03 | alesh · wall_segment Palisade Wall x1 |
| 11:04 | alesh · wall_segment Palisade Wall x1 |
| 11:07 | alesh · wall_segment Palisade Wall x1 |
| 11:09 | alesh · wall_segment Palisade Wall x1 |
| 11:25 | alesh · age_up feudal |
| 11:28 | alesh · first_building Archery Range |
| 11:43 | Leonidas · wall_segment Palisade Wall x1 |
| 11:47 | alesh · wall_segment Palisade Wall x1 |
| 12:03 | alesh · wall_segment Palisade Wall x1 |
| 12:53 | alesh · wall_segment Palisade Wall x2 |
| 12:54 | alesh · wall_segment Palisade Wall x1 |
| 13:32 | Leonidas · age_up feudal |
| 13:39 | alesh · wall_segment Palisade Wall x8 |
| 15:06 | Leonidas · first_building Archery Range |
| 16:23 | alesh · first_market_buy 100 food |
| 19:08 | alesh · age_up castle |
| 19:11 | Leonidas · age_up castle |
| 20:50 | Leonidas · first_building Siege Workshop |
| 20:52 | alesh · first_building Siege Workshop |
| 22:04 | alesh · wall_segment Stone Wall x11 |
| 22:14 | alesh · wall_segment Stone Wall x4 |
| 24:36 | alesh · first_building Castle |
| 26:51 | alesh · first_market_sell 100 food |
| 26:52 | Leonidas · first_building Stable |
| 29:04 | alesh · wall_segment Stone Wall x5 |
| 30:45 | Leonidas · first_building Castle |
| 30:56 | alesh · wall_segment Stone Wall x7 |
| 30:57 | alesh · wall_segment Stone Wall x2 |
| 32:59 | alesh · age_up imperial |
| 34:09 | Leonidas · age_up imperial |
| 40:02 | alesh · first_building Stable |
| 47:28 | Leonidas · first_market_sell 500 food |
| 53:41 | Leonidas · first_market_buy 100 stone |
| 62:10 | alesh · resign |
[ AI ANALYSIS · 1 CREDIT ]
What really happened in this match?
Wolo.gg analyzes every decision: build order, eco, micro, common mistakes by bracket. Personalized analysis on WhatsApp or Discord in 30 seconds.
Civ guide
Goths
Perfil
Jugador #1210686